 Dungeon Crawl Stone Soup version 0.31-a0-321-g19405a7a6a (webtiles) character file.

Game seed: 4098451709033088601

777 2FriedEggs the Fighter (level 7, -7/85 HPs)
             Began as an Ogre Shapeshifter on July 17, 2023.
             Was a Follower of Ru.
             Mangled by a gnoll
             ... wielding a +0 halberd
              (12 damage)
             ... on level 4 of the Dungeon.
             The game lasted 00:08:43 (4450 turns).

2FriedEggs the Fighter (Ogre Shapeshifter)          Turns: 4450, Time: 00:08:43

Health: -7/85      AC:  5    Str: 20 (22) XL:     7   Next: 84%
Magic:  7/7        EV:  9    Int:  7 (9)  God:    Ru [*.....]
Gold:   250        SH:  0    Dex:  7 (9)  Spells: 6/6 levels left

rFire   . .          .
                       - Unarmed
rCold   . . .        (no shield)
rNeg    . . .        a - +2 animal skin
rPois   .            (helmet currently unavailable)
rElec   .            (cloak currently unavailable)
rCorr   .            (gloves unavailable)
SInv    .            (boots unavailable)
Will    .....        e - amulet of faith
Stlth   +            (no ring)
HPRegen 0.34/turn    (no ring)
MPRegen 0.10/turn

%: faith
@: confused, beast-form
A: beast (slay +6), large, unfitting armour, tough skin 1, hated by all, large
bone plates 1
a: Begin Untransformation, Renounce Religion


You were on level 4 of the Dungeon.
You worshipped Ru.
Ru was aware of your devotion.
You were a hulking beast.
You visited 1 branch of the dungeon, and saw 4 of its levels.

You collected 353 gold pieces.
You spent 103 gold pieces at shops.

Inventory:

Armour
 a - a +2 animal skin (worn)
Jewellery
 e - an amulet of faith (around neck)
 i - a ring of positive energy
Talismans
 c - a beast talisman
Scrolls
 b - a scroll of enchant weapon
 d - a scroll of fog {unknown}
 f - 2 scrolls of identify
 g - a scroll of fear
 h - 2 scrolls of poison {unknown}
 m - a scroll of teleportation
 r - a scroll of immolation {unknown}


   Skills:
 - Level 10.0 Fighting
 - Level 1.7 Dodging
 * Level 3.2 Unarmed Combat
 * Level 9.9 Shapeshifting


You had 6 spell levels left.
You didn't know any spells.
Your spell library contained the following spells:

 Spells                   Type           Power      Damage    Failure   Level
 Magic Dart               Conj           0%         1d3       43%         1
 Mephitic Cloud           Conj/Pois/Air  0%         N/A       80%         3
 Vampiric Draining        Necr           0%         2d6       80%         3
 Volatile Blastmotes      Fire/Tloc      0%         2d10      80%         3
 Call Imp                 Summ           Unusable   N/A       N/A         2
 Animate Dead             Necr           Unusable   N/A       N/A         4
 Death Channel            Necr           Unusable   N/A       N/A         6

Dungeon Overview and Level Annotations

Branches:
Dungeon (4/15)             Temple (0/1) D:4

Altars:
Ashenzari
Ru
Vehumet

Shops:
D:2 *   D:4 (


Innate Abilities, Weirdness & Mutations

You are a hulking beast.
Your limbs bulge with bestial killing power. (Slay +6)
You are too large for most types of armour.
You have tough skin. (AC +1)
You are hated by all.
You are partially covered in large bone plates. (SH +4)


Message History

The gnoll shouts!
The gnoll barely misses you. Something hits you but does no damage.
There is a large open door here.
You block the gnoll's attack. The gnoll hits you with a +0 halberd!
Something hits you but does no damage. The gnoll attacks as you move away!
The gnoll hits you with a +0 flail. Something hits you but does no damage.
The gnoll attacks as you move away! The gnoll hits you with a +0 flail.
The gnoll is stunned by your conviction and fails to attack.
The gnoll hits you but does no damage. The gnoll hits you with a +0 flail.
The gnoll hits you from afar with a +0 halberd.
You hear some strange, mumbled words.
You are confused.
The gnoll barely misses you. The gnoll closely misses you.
Something hits you but does no damage.
You're too confused to move!
The gnoll hits you but does no damage. The gnoll barely misses you.
Something hits you but does no damage. The gnoll hits you with a +0 halberd!
You aren't carrying any potions.
You are too confused!
You punch the gnoll!
The gnoll is severely wounded.
The gnoll is stunned by your conviction and fails to attack.
The gnoll closely misses you. The gnoll hits you with a +0 flail!
Something hits you but does no damage. The gnoll hits you with a +0 halberd!
* * * LOW HITPOINT WARNING * * *
You completely miss something. Something hits you but does no damage.
The gnoll hits you but does no damage. The gnoll hits you with a +0 flail!
* * * LOW HITPOINT WARNING * * *
The gnoll hits you from afar with a +1 halberd of freezing.
* * * LOW HITPOINT WARNING * * *
The gnoll freezes you.
* * * LOW HITPOINT WARNING * * *
The gnoll closely misses you. The gnoll hits you but does no damage.
The gnoll attacks as you move away! The gnoll hits you with a +0 flail.
* * * LOW HITPOINT WARNING * * *
The gnoll attacks as you move away!
The gnoll is stunned by your conviction and fails to attack.
The gnoll attacks as you move away! The gnoll hits you with a +0 halberd!
You die...

~~~~~~~~~≈~≈~~....~~≈~≈~~≈~~~≈~~~
≈≈≈≈≈≈~≈≈≈~≈≈≈....≈≈~≈≈≈≈≈~≈≈≈≈~~
##~~~≈~~~~~~~~)...~~~~~~~~~≈~~###
.#............................#..
.#############'')'#############..
'#........ #....# #'# ......o.#
#....# ..# ...g....# #.g..# #
#'##''#######.gh.#########g #
#.#...).....#.{gg#....g..g. #
#.'.........'.){ogo.8# #
#?#.........'....g..8# #
#?#.........#8..8#......# #
######################### # +#
#+#
.############################+#..
.#............................#oo


You could see 6 gnolls and 2 orcs.

Vanquished Creatures
  An ogre (D:4)
  A scorpion (D:4)
  4 hounds
  An orc priest (D:3)
  An iguana (D:4)
  An orc wizard (D:4)
  6 gnolls (D:4)
  5 adders
  4 worms
  2 dart slugs
  12 orcs
  7 bats
  9 endoplasms
  A giant cockroach (D:1)
  3 goblins
  4 hobgoblins
  15 jackals
  7 quokkas
  3 ball pythons
  5 frilled lizards
  11 kobolds
  8 rats
111 creatures vanquished.

Vanquished Creatures (others)
  An ogre (D:4)
  A gnoll (D:4)
2 creatures vanquished.

Grand Total: 113 creatures vanquished

Notes
Turn   | Place    | Note
-------+----------+-------------------------------------------
     0 | D:1      | 2FriedEggs the Ogre Shapeshifter began the quest for the
                  | Orb.
     0 | D:1      | Reached XP level 1. HP: 22/22 MP: 1/1
   148 | D:1      | Reached XP level 2. HP: 29/29 MP: 2/2
   604 | D:1      | Reached XP level 3. HP: 36/36 MP: 3/3
  1181 | D:2      | Reached skill level 3 in Fighting
  1181 | D:2      | Reached XP level 4. HP: 41/45 MP: 4/4
  1316 | D:2      | Found Beiteb's Assorted Antiques.
  1321 | D:2      | Bought a scroll labelled JOASTO ZARGHOIS for 23 gold pieces
  1321 | D:2      | Bought a yellow potion for 20 gold pieces
  1321 | D:2      | Bought a ruby potion for 20 gold pieces
  1321 | D:2      | Bought a purple potion for 20 gold pieces
  1321 | D:2      | Bought a puce potion for 20 gold pieces
  1587 | D:3      | Found a sacrificial altar of Ru.
  1683 | D:3      | Became a worshipper of Ru the Awakened
  1886 | D:3      | HP: 1/67 [orc/+0 club (3)]
  1889 | D:3      | Reached XP level 5. HP: 2/53 MP: 5/5
  2289 | D:3      | Found a broken altar of Ashenzari.
  2596 | D:4      | Got Sif Muna's Volume of the Tropics and Necromancy
  2602 | D:4      | Found Nahaga's Weapon Boutique.
  2647 | D:4      | Found a radiant altar of Vehumet.
  2673 | D:4      | Reached skill level 4 in Fighting
  2728 | D:4      | Reached skill level 10 in Fighting
  2728 | D:4      | Reached XP level 6. HP: 34/78 MP: 6/6
  3117 | D:4      | Gained mutation: You are partially covered in large bone
                  | plates. (SH +4) [potion of mutation]
  3145 | D:4      | Gained mutation: You are hated by all. [Ru sacrifice]
  3145 | D:4      | Reached * piety under Ru
  3315 | D:4      | Found a staircase to the Ecumenical Temple.
  3369 | D:4      | Reached XP level 7. HP: 78/85 MP: 7/7
  4450 | D:4      | Mangled by a gnoll

Illustrated notes

Levels and vault maps discovered:
D:1:      dpeg_arrival_connections, layout_basic
D:2:      layout_basic, serial_shops, nicolae_shop_tiny_real_fake_doors
D:3:      layout_rooms, overflow_temple_1_default, mainiacjoe_overflow_24_doors
D:4:      lemuel_castle_with_subvaults [lemuel_castle_interior_carwin_2],
          layout_basic, mainiacjoe_overflow_small_starburst, temple_statues,
          portal_sewer_entry_d, serial_shops, shop, minmay_gold_behind_fungi,
          st_stairs_7

Skill      XL: |  1  2  3  4  5  6  7 |
---------------+----------------------+-----
Shapeshifting  | 4 9 |  9.9
Fighting       | 3 10 | 10.0
Unarmed Combat | 2 3 |  3.2
Dodging        | |  1.7

Action                     |  1- 3 |  4- 6 |  7- 9 || total
---------------------------+-------+-------+-------++-------
  Melee: Unarmed           |   119 |   168 |   114 ||   401
         Punch             |     1 |     3 |     1 ||     5
 Invoke: Sacrifice Love    |       |     1 |       ||     1
    Use: Potion            |     1 |    11 |       ||    12
         Scroll            |       |     7 |       ||     7
   Stab: Sleeping          |     1 |       |       ||     1
 Armour: Animal skin       |    35 |    64 |    42 ||   141
         Skin              |    19 |       |       ||    19
  Dodge: Dodged            |    55 |    94 |    41 ||   190
  Block: Other             |       |       |    30 ||    30

Table legend: (Time is in decaauts)
 A = Elapsed time spent in this place.
 B = Non-inter-level travel time spent in this place.
 C = Inter-level travel time spent in this place.
 D = Time resting spent in this place.
 E = Time spent auto-exploring this place.
 F = Levels seen in this place.
 G = Mean time per level.
                   A        B        C        D        E       F      G
               +--------+--------+--------+--------+--------+-----+--------+
         Total |   4446 |   4363 |     83 |    880 |   2371 |   4 | 1111.5 |
       Dungeon |   4446 |   4363 |     83 |    880 |   2371 |   4 | 1111.5 |
               +--------+--------+--------+--------+--------+-----+--------+

Top non-repeatable levels by time:
     D:4: 1747 daAuts
     D:3: 1242 daAuts
     D:2: 814 daAuts
     D:1: 640 daAuts
